 Dungeon Crawl Stone Soup version 0.31-a0-832-g3a2c1c66ba (webtiles) character file.

Game seed: 4606598602402279985

2156 Ijustatesigmund the Thaumaturge (level 9, -1/51 HPs)
             Began as a Deep Elf Conjurer on Sept 25, 2023.
             Was a Follower of Vehumet.
             Asphyxiated
             ... on level 8 of the Dungeon.
             The game lasted 00:16:48 (7686 turns).

Ijustatesigmund the Thaumaturge (Deep Elf Conjurer) Turns: 7686, Time: 00:16:49

Health: -1/51      AC:  4    Str:  4    XL:     9   Next: 10%
Magic:  19/23      EV: 13    Int: 28    God:    Vehumet [*.....]
Gold:   393        SH:  0    Dex: 13    Spells: 11/24 levels left

rFire   . . .        j - +1 sling (drain)
rCold   . . .        (no shield)
rNeg    . . .        a - +0 robe
rPois   .            s - +1 helmet
rElec   .            (no cloak)
rCorr   .            (no gloves)
SInv    .            (no boots)
Will    .....        (no amulet)
Stlth   ++           (no ring)
HPRegen 0.28/turn    (no ring)
MPRegen 0.18/turn

%: no passive effects
@: lethally poisoned (-1 -> -17), slowed, very slow
A: no striking features
a: Renounce Religion


You were on level 8 of the Dungeon.
You worshipped Vehumet.
Vehumet was aware of your devotion.
You visited 2 branches of the dungeon, and saw 9 of its levels.

You collected 393 gold pieces.

Inventory:

Hand Weapons
 e - the +6 trident "Worm's Wrath" {flame, MP+9 Str+3 Int+3}
   (You found it on level 5 of the Dungeon)

   Str+3:     It affects your strength (+3).
   Int+3:     It affects your intelligence (+3).
   MP+9:      It affects your magic capacity (+9).
 j - a +1 sling of draining (weapon)
Armour
 a - a +0 robe (worn)
 s - a +1 helmet (worn)
Wands
 h - a wand of flame (5)
 q - a wand of roots (1)
Scrolls
 g - 5 scrolls of teleportation
 k - 2 scrolls of poison
 p - a scroll of brand weapon
Potions
 b - 3 potions of magic
 c - 2 potions of lignification
 d - 3 potions of curing
 f - 2 potions of haste
 i - a potion of invisibility {unknown}
 l - a potion of brilliance
 m - 2 potions of enlightenment {unknown}
 n - a potion of berserk rage
 o - a potion of degeneration {unknown}
 t - a potion of mutation {unknown}
 u - 2 potions of heal wounds {unknown}


   Skills:
 - Level 3.5 Fighting
 - Level 3.2 Ranged Weapons
 + Level 4.2 Dodging
 - Level 2.4 Stealth
 + Level 8.4 Spellcasting
 + Level 6.0 Conjurations
 + Level 5.9 Translocations
 + Level 1.5 Ice Magic
 - Level 5.0 Earth Magic


You had 11 spell levels left.
You knew the following spells:

 Your Spells              Type           Power      Damage    Failure   Level
a - Magic Dart            Conj           100%       1d8       1%          1
b - Searing Ray           Conj           90%        2d7       1%          2
c - Iskenderun's Mystic   Conj/Tloc      45%        2d10      4%          4
d - Stone Arrow           Conj/Erth      84%        3d12      1%          3
e - Frozen Ramparts       Ice            40%        1d7       8%          3

Your spell library contained the following spells:

 Spells                   Type           Power      Damage    Failure   Level
 Shock                    Conj/Air       100%       1d9       1%          1
 Sandblast                Erth           80%        2d17      1%          1
 Freeze                   Ice            80%        1d9       2%          1
 Passwall                 Tmut/Erth      20%        N/A       2%          2
 Hailstorm                Conj/Ice       32%        3d8       3%          3
 Dazzling Flash           Conj/Hex       56%        N/A       4%          3
 Brom's Barrelling Bould  Conj/Erth      42%        2d6       4%          4
 Fulminant Prism          Conj/Hex       14%        3d8       14%         4


Dungeon Overview and Level Annotations

Branches:
Dungeon (8/15)             Temple (1/1) D:5
   Lair: D:8-11

Altars:
Ashenzari
Dithmenos
Elyvilon
Fedhas
Gozag
Hepliaklqana
Makhleb
Nemelex Xobeh
Qazlal
Sif Muna
Trog
Uskayaw
Vehumet
Wu Jian
Xom
Yredelemnul
The Shining One

Shops:
D:7 (

Annotations:
D:5 2 runed translucent doors
D:6 2 transporters, BlakeNightgale's ghost, novice DjHW
D:7 Joseph


Message History

The grasping roots constrict the kobold brigand!
The grasping roots constrict the acid dragon.
You feel very sick.
You hear a shout! x4
The orc warrior unwields a +0 halberd.
The orc warrior wields a +0 orcbow.
The orc warrior shoots an arrow.
The arrow hits you.
The kobold brigand struggles to escape constriction.
The acid dragon struggles to escape constriction.
You shoot a sling bullet.
The sling bullet barely misses the acid dragon.
The sling bullet barely misses the orc.
The grasping roots constrict the kobold brigand!
The grasping roots constrict the acid dragon!
You feel sick.
The roots release their grip on the kobold brigand.
The roots release their grip on the acid dragon.
The acid dragon spits acid at you. The splash of acid hits you!!
* * * LOW HITPOINT WARNING * * *
The orc warrior shoots an arrow.
The arrow misses you.
You hear a shout!
Casting: Iskenderun's Mystic Blast (dangerous; 4% risk of failure)
Confirm with . or Enter, or press ? or * to list all spells.
You erupt in a blast of force!
The mystic blast hits the acid dragon!
You kill the acid dragon!
Vehumet accepts your kill.
The mystic blast hits the jelly!
The jelly is severely wounded.
The jelly is knocked back by the mystic blast.
The jelly collides with the orc!
You kill the orc!
Vehumet accepts your kill.
You kill the jelly!
Vehumet accepts your kill.
You feel sick.
The kobold brigand throws a curare-tipped dart.
The curare-tipped dart hits you.
You are lethally poisoned!
You have difficulty breathing.
You die...

#...♣...#....
............## .....#.#
#...# ##
......####..####.##
#....##..###....#
#...##...##...####
####................#.
..#..#...####...........
........## ##.#@.......
.####...# ...##....... .
#...#####..# ..K...# ..
#..##.#..... ..o.... ..#
#........... .......
...##).....##... o......
............... .....).
...........### .....).
....<.......#


You could see an orc warrior, a kobold brigand (drained) and an orc.

Vanquished Creatures
  A troll (D:5)
  Sigmund (D:5)
  An acid dragon (D:8)
  Duvessa (D:7)
  A water moccasin (D:7)
  An ice beast (D:5)
  2 ogres
  A bullfrog (D:6)
  5 scorpions
  Dowan (D:7)
  A howler monkey (D:6)
  An orc priest (D:5)
  2 hounds
  4 jellies
  A gnoll bouda (D:6)
  A sleepcap (D:5)
  Ijyb (D:3)
  10 iguanas
  4 orc wizards
  8 gnolls
  11 adders
  A white imp (D:5)
  An ufetubus (D:6)
  4 worms
  7 dart slugs
  7 orcs
  5 endoplasms
  5 giant cockroaches
  6 goblins
  4 hobgoblins
  2 jackals (D:3)
  12 kobolds
  2 quokkas
  7 ball pythons
  6 bats
  2 frilled lizards (D:1)
  2 rats
  A butterfly (D:3)
133 creatures vanquished.

Notes
Turn   | Place    | Note
-------+----------+-------------------------------------------
     0 | D:1      | Ijustatesigmund the Deep Elf Conjurer began the quest for
                  | the Orb.
     0 | D:1      | Reached XP level 1. HP: 10/10 MP: 6/6
    98 | D:1      | Reached XP level 2. HP: 16/16 MP: 0/8
   101 | D:1      | Learned a level 2 spell: Searing Ray
   503 | D:1      | Reached skill level 1 in Fighting
   709 | D:1      | Reached XP level 3. HP: 20/20 MP: 8/10
  1103 | D:2      | Reached skill level 4 in Spellcasting
  1444 | D:2      | Reached skill level 5 in Conjurations
  1444 | D:2      | Reached XP level 4. HP: 25/25 MP: 7/12
  1449 | D:2      | Learned a level 4 spell: Iskenderun's Mystic Blast
  1753 | D:2      | Reached skill level 1 in Ranged Weapons
  2155 | D:3      | Noticed Ijyb
  2162 | D:3      | Killed Ijyb
  2163 | D:3      | Reached skill level 1 in Translocations
  2331 | D:3      | Found a shimmering altar of Xom.
  2573 | D:3      | Reached XP level 5. HP: 29/29 MP: 13/13
  2643 | D:3      | Reached skill level 5 in Spellcasting
  2715 | D:3      | Learned a level 3 spell: Stone Arrow
  2754 | D:3      | Found a faded altar of an unknown god.
  3059 | D:4      | Found a broken altar of Ashenzari.
  3130 | D:4      | Reached skill level 1 in Earth Magic
  3130 | D:4      | Reached XP level 6. HP: 25/34 MP: 7/15
  3888 | D:4      | Found a blossoming altar of Fedhas.
  4247 | D:5      | Entered Level 5 of the Dungeon
  4402 | D:5      | Reached XP level 7. HP: 13/40 MP: 8/17
  4426 | D:5      | Reached skill level 6 in Spellcasting
  4518 | D:5      | Found a staircase to the Ecumenical Temple.
  4529 | Temple   | Entered the Ecumenical Temple
  4538 | Temple   | Became a worshipper of Vehumet
  4591 | D:5      | Identified the +6 trident "Worm's Wrath" {flame, MP+9 Str+3
                  | Int+3}
  5015 | D:5      | Found a stormy altar of Qazlal.
  5016 | D:5      | Noticed an air elemental
  5018 | D:5      | Noticed a fire elemental
  5018 | D:5      | Noticed a water elemental
  5174 | D:5      | Noticed Sigmund
  5182 | D:5      | Killed Sigmund
  5183 | D:5      | Reached skill level 7 in Spellcasting
  5183 | D:5      | Reached XP level 8. HP: 46/46 MP: 17/20
  5232 | D:5      | Noticed a troll
  5257 | D:5      | Killed a troll
  5454 | D:5      | Reached skill level 5 in Translocations
  5539 | D:5      | Found a runed translucent door.
  5549 | D:5      | Found a runed translucent door.
  6299 | D:6      | Found a transporter.
  6303 | D:6      | Found a transporter.
  6304 | D:6      | Noticed BlakeNightgale's ghost (novice DjHW)
  6304 | D:6      | Identified the +3 giant spiked club of Eqores {flame, rElec
                  | Dex+3 Stlth+}
  6330 | D:6      | Reached * piety under Vehumet
  6330 | D:6      | Offered knowledge of Shock by Vehumet.
  6515 | D:6      | Reached skill level 8 in Spellcasting
  6624 | D:6      | Reached skill level 5 in Earth Magic
  6888 | D:6      | Learned a level 3 spell: Frozen Ramparts
  7169 | D:7      | Noticed Dowan
  7176 | D:7      | Killed Dowan
  7188 | D:7      | Noticed Duvessa
  7202 | D:7      | Killed Duvessa
  7203 | D:7      | Reached skill level 1 in Ice Magic
  7203 | D:7      | Reached XP level 9. HP: 38/51 MP: 4/23
  7488 | D:7      | Found Vurut Yduu's Weapon Emporium.
  7640 | D:7      | Noticed Joseph
  7686 | D:8      | Asphyxiated

Illustrated notes

Levels and vault maps discovered:
D:1:      minmay_arrival_five_plusses, layout_loops_cross
D:2:      layout_loops_ring, kennysheep_generic_room_15
D:3:      layout_rooms, xom_butterflies, hellmonk_ecumenical_altar_heavens_door,
          uniq_ijyb
D:4:      layout_loops_corners, fedhas_altar_2, nicolae_ashenzari_skybound,
          grunt_tough_drop
D:5:      lemuel_insect_pit, layout_loops_ring,
          nicolae_qazlal_style_of_elements, minmay_temple_entry_arrows,
          uniq_sigmund
D:6:      layout_basic, gammafunk_ghost_smash
D:7:      wander_river, layout_loops_corners, serial_shops,
          nicolae_shop_tiny_statue_garden, uniq_duvessa, uniq_joseph
D:8:      layout_cave_pools, okawaru_trees_2, mainiacjoe_overflow_cross_hatched,
          jmf_multi_god_temple2, hex_large, nicolae_zen_rock_garden
Temple:   dshaligram_water_room_temple

Skill      XL: |  1  2  3  4  5  6  7  8  9 |
---------------+----------------------------+-----
Fighting       | 1 2 3 |  3.5
Spellcasting   | 4 5 7 8 |  8.4
Conjurations   | 5 6 |  6.0
Ranged Weapons | 2 3 |  3.2
Translocations | 1 2 3 4 5 |  5.9
Earth Magic    | 1 2 3 5 |  5.0
Dodging        | 4 |  4.2
Ice Magic      | 1 |  1.5
Stealth        | |  2.4

Action                     |  1- 3 |  4- 6 |  7- 9 || total
---------------------------+-------+-------+-------++-------
   Fire: Sling             |     9 |    90 |    85 ||   184
   Cast: Magic Dart        |    64 |    11 |     2 ||    77
         Searing Ray       |     5 |    27 |    34 ||    66
         Iskenderun's Myst |       |       |    15 ||    15
  Evoke: Wand              |       |       |     6 ||     6
    Use: Scroll            |       |     4 |    10 ||    14
         Potion            |       |       |     2 ||     2
 Armour: Robe              |     4 |    26 |    41 ||    71
  Dodge: Dodged            |     2 |    25 |    28 ||    55

Table legend: (Time is in decaauts)
 A = Elapsed time spent in this place.
 B = Non-inter-level travel time spent in this place.
 C = Inter-level travel time spent in this place.
 D = Time resting spent in this place.
 E = Time spent auto-exploring this place.
 F = Levels seen in this place.
 G = Mean time per level.
                   A        B        C        D        E       F      G
               +--------+--------+--------+--------+--------+-----+--------+
         Total |   7751 |   7559 |    192 |   2186 |   4442 |   9 |  861.2 |
       Dungeon |   7732 |   7550 |    182 |   2186 |   4442 |   8 |  966.5 |
        Temple |     18 |      9 |      9 |      0 |      0 |   1 |   18.0 |
               +--------+--------+--------+--------+--------+-----+--------+

Top non-repeatable levels by time:
     D:5: 1765 daAuts
     D:4: 1294 daAuts
     D:2: 1259 daAuts
     D:6: 1050 daAuts
     D:1: 890 daAuts
     D:3: 834 daAuts
     D:7: 602 daAuts
     D:8: 35 daAuts
  Temple: 18 daAuts
